 Dungeon Crawl Stone Soup version 0.23-a0-558-g30802b1 (webtiles) character file.

14 nikopol the Firebug (level 2, 0/15 HPs)
             Began as a Deep Elf Fire Elementalist on Dec 12, 2018.
             Slain by a jackal (2 damage)
             ... on level 1 of the Dungeon.
             The game lasted 00:01:26 (295 turns).

nikopol the Firebug (Deep Elf Fire Elementalist)     Turns: 295, Time: 00:01:27

Health: 0/15       AC:  2    Str:  5    XL:     2   Next: 31%
Magic:  0/8        EV: 13    Int: 19    God:
Gold:   26         SH:  0    Dex: 15    Spells: 7/8 levels left

rFire    . . .     SeeInvis .   (no weapon)
rCold    . . .     Gourm    .   (no shield)
rNeg     . . .     Faith    .   a - +0 robe
rPois    .         Spirit   .   (no helmet)
rElec    .         Reflect  .   (no cloak)
rCorr    .         Harm     .   (no gloves)
MR       .....                  (no boots)
Stlth    ++........             (no amulet)
HPRegen  0.05/turn              (no ring)
MPRegen  0.11/turn              (no ring)

@: very slightly contaminated
A: no striking features
a: no special abilities


You were on level 1 of the Dungeon.
You were not hungry.

You visited 1 branch of the dungeon, and saw 1 of its levels.

You collected 26 gold pieces.

Inventory:

Armour
 a - a +0 robe (worn)
Scrolls
 d - a scroll of identify {unknown}
Comestibles
 b - a chunk of flesh
 c - a ration


   Skills:
 + Level 2.4 Dodging
 + Level 2.5 Stealth
 + Level 3.5 Spellcasting
 + Level 1.4 Conjurations
 + Level 3.6 Fire Magic


You had 7 spell levels left.
You knew the following spells:

 Your Spells              Type           Power        Failure   Level  Hunger
a - Flame Tongue          Conj/Fire      ##...        5%          1    None

Your spell library contained the following spells:

 Spells                   Type           Power        Failure   Level  Hunger
 Throw Flame              Conj/Fire      ##....       8%          2    ##.....
 Conjure Flame            Conj/Fire      ##......     16%         3    ###....
 Inner Flame              Hex/Fire       ##......     21%         3    ###....
 Sticky Flame             Conj/Fire      ##......     45%         4    ####...
 Fireball                 Conj/Fire      ##........   82%         5    ######.


Dungeon Overview and Level Annotations

Branches:
Dungeon (1/15)

Altars:


Message History

Casting: Flame Tongue (safe; 5% risk of failure)
Confirm with . or Enter, or press ? or * to list all spells.
Aiming: Flame Tongue (safe; 5% risk of failure)
Press: ? - help, Shift-Dir - straight line, f/p - goblin
Aim: a goblin, wielding a +0 club (severely wounded)
The flame tongue hits the goblin.
You kill the goblin!
The jackal barks!
You see here a +0 club.
A kobold comes into view. It is wielding a +0 whip.
Casting: Flame Tongue (safe; 5% risk of failure)
Confirm with . or Enter, or press ? or * to list all spells.
Aiming: Flame Tongue (safe; 5% risk of failure)
Press: ? - help, Shift-Dir - straight line, f - jackal
Aim: a jackal The flame tongue hits the jackal.
The jackal is heavily wounded.
The jackal misses you. x2
The jackal bites you.
You die...

###.........##...#.####.##...
#.##8.....8##....# # #..#.#
#..##.....##.....# ##...##
#...##8รท8##......# #..#.#
#....##'##.......# #.#.##
###.......)......# ###.##
.#####..............# #..##
...h..####+#...r....#####
###.#
....#.####.###.h@(......#
#..#
....+......###..#######(#
##.## ....#.####......#
#...(.# #..# ....+.# #.#....#
#.#########.## ....###
#.+....# #.#.........# ....#
###....# #.#.##.###### #.#.#
#....# #...##># ######
######.# #.....#


You could see a jackal and a rat.

Vanquished Creatures
  A leopard gecko (D:1)
  4 goblins (D:1)
  3 kobolds (D:1)
  2 bats (D:1)
  3 rats (D:1)
13 creatures vanquished.

Notes
Turn   | Place    | Note
-------+----------+-------------------------------------------
     0 | D:1      | nikopol the Deep Elf Fire Elementalist began the quest for
                  | the Orb.
     0 | D:1      | Reached XP level 1. HP: 10/10 MP: 6/6
   189 | D:1      | Reached XP level 2. HP: 15/15 MP: 2/8
   295 | D:1      | Slain by a jackal

Vault maps used:
D:1:      lemuel_arrival_tunnels, dk_noncrumbling_4,
          hangedman_abyss_or_decor_stabs, st_stairs_10, minmay_split_cup_large

Action                   || total
-------------------------++-------
 Cast: Flame Tongue      ||    23
Armor: Robe              ||     1
Dodge: Dodged            ||    26

Table legend:
 A = Non-vault XP
 B = Vault XP
 C = Vault XP percentage of total XP
 D = Non-vault monster count
 E = Vault monster count
 F = Vault count percentage of total count
                 A         B        C        D         E       F
            +---------+---------+-------+---------+---------+-------
      Total |      21 |       0 |   0.0 |      13 |       0 |   0.0
            +---------+---------+-------+---------+---------+-------
        D:1 |      21 |       0 |   0.0 |      13 |       0 |   0.0
            +---------+---------+-------+---------+---------+-------
